 Dungeon Crawl Stone Soup version 0.31-a0-672-g7da72447bb (webtiles) character file.

Game seed: 16860685264970924480

551 Jackthecabe the Trooper (level 7, 0/57 HPs)
             Began as a Formicid Reaver on Sept 5, 2023.
             Succumbed to a scorpion's poison
             ... on level 5 of the Dungeon.
             The game lasted 00:07:36 (3688 turns).

Jackthecabe the Trooper (Formicid Reaver)           Turns: 3688, Time: 00:07:37

Health: 0/57       AC:  6    Str: 19    XL:     7   Next: 54%
Magic:  10/10      EV: 11    Int: 12    God:
Gold:   247        SH:  0    Dex: 12    Spells: 9/10 levels left

rFire   . . .        k - +2 dagger (venom)
rCold   + . .        (no shield)
rNeg    . . .        h - +1 ring mail {rC+}
rPois   .            (helmet unavailable)
rElec   .            (no cloak)
rCorr   .            (no gloves)
SInv    +            (no boots)
Will    .....        (no amulet)
Stlth   ++           (no ring)
HPRegen 0.29/turn    (no ring)
MPRegen 0.12/turn

%: no passive effects
@: lethally poisoned (0 -> -13)
A: permanent stasis, dig shafts and tunnels, antennae 3, four strong arms
a: Dig, Shaft Self


You were on level 5 of the Dungeon.
You visited 1 branch of the dungeon, and saw 5 of its levels.

You collected 247 gold pieces.


Innate Abilities, Weirdness & Mutations

You cannot be hasted, slowed, berserked, paralysed or teleported.
You can dig through walls and to a lower floor.
You have a pair of large antennae on your head. (SInv)
Your four strong arms can wield two-handed weapons with a shield.


   Skills:
 + Level 5.7 Fighting
 - Level 4.0 Polearms
 - Level 4.0 Armour
 - Level 1.7 Dodging
 - Level 4.0 Stealth
 - Level 2.1 Spellcasting
 - Level 2.6 Conjurations


You had 9 spell levels left.
You knew the following spells:

 Your Spells              Type           Power      Damage    Failure   Level
X - Kiss of Death         Conj/Necr      16%        2d6       26%         1

Your spell library contained the following spells:

 Spells                   Type           Power      Damage    Failure   Level
 Momentum Strike          Conj/Tloc      8%         3d8       36%         2
 Ensorcelled Hibernation  Hex/Ice        2%         N/A       56%         2
 Lesser Beckoning         Tloc           2%         N/A       56%         2
 Passwall                 Tmut/Erth      0%         N/A       56%         2
 Hailstorm                Conj/Ice       4%         3d4       61%         3
 Gell's Gravitas          Tloc           1%         N/A       80%         3
 Teleport Other           Tloc           1%         N/A       80%         3
 Swiftness                Air            Unusable   N/A       N/A         3

Inventory:

Hand Weapons
 a - a +0 spear
 k - a +2 dagger of venom (weapon)
Missiles
 g - 5 boomerangs
 i - 11 poisoned darts
Armour
 b - a +0 leather armour
 h - a +1 ring mail of cold resistance (worn)
Magical Staves
 n - a staff of cold {!a}
Wands
 q - a wand of iceblast (10)
 t - a wand of charming (10)
Scrolls
 c - a scroll of enchant armour {unknown}
 d - 2 scrolls of amnesia {unknown}
 e - a scroll of blinking {unknown}
 l - a scroll of immolation
 m - 3 scrolls of identify {unknown}
 v - a scroll of teleportation {unknown}
Potions
 f - a potion of haste {unknown}
 j - a potion of ambrosia {unknown}
 o - 2 potions of might {unknown}
 p - 2 potions of curing {unknown}
 r - a potion of attraction {unknown}
 s - a potion of lignification {unknown}
 u - 2 potions of cancellation
 w - a potion of heal wounds {unknown}

Dungeon Overview and Level Annotations

Branches:
Dungeon (5/15)
 Temple: D:4-7

Altars:
Trog

Shops:
D:2 [

Annotations:
D:3 1 runed translucent door, gurdl9716's ghost, amateur GrFE
D:4 Grinder

#...##..#################...
#.........# #... #.........#
{ { #... #.........# { {
#... +.........# #...
#...####.## #...
#...####.###+#### ####
#...............##.
#.........s@.......
#########'###+#####
...............
.S.............
...............
...........s...
...............
....<..........
...............


You could see a scorpion (very poisoned).


Message History

You hit the scorpion but do no damage.
The scorpion is moderately wounded.
You feel sick. The scorpion stings you.
* * * LOW HITPOINT WARNING * * *
You are more poisoned.
The scorpion poisons you!
Your +2 dagger of venom begins to drip with poison!
k - a +2 dagger of venom (weapon)
You feel sick. The scorpion stings you.
* * * LOW HITPOINT WARNING * * *
You are lethally poisoned!
The scorpion poisons you!
You hit the scorpion.
The scorpion is poisoned.
The scorpion is heavily wounded.
* * * LOW HITPOINT WARNING * * *
You feel extremely sick.
The scorpion stings you but does no damage.
You hit the scorpion but do no damage.
The scorpion is heavily wounded.
* * * LOW HITPOINT WARNING * * *
You feel very sick. The scorpion stings you.
* * * LOW HITPOINT WARNING * * *
You barely miss the scorpion.
The scorpion is severely wounded.
* * * LOW HITPOINT WARNING * * *
You feel very sick. The scorpion barely misses you.
It was a potion of cancellation.
You feel magically purged.
You die...

Skill      XL: |  1  2  3  4  5  6  7 |
---------------+----------------------+-----
Polearms       | 4 |  4.0
Fighting       | 3 4 5 |  5.7
Stealth        | 2 4 |  4.0
Armour         | 1 4 |  4.0
Dodging        | |  1.7
Spellcasting   | |  2.1
Conjurations   | |  2.6

Action                     |  1- 3 |  4- 6 |  7- 9 || total
---------------------------+-------+-------+-------++-------
  Melee: Spear             |   167 |   200 |    46 ||   413
         Dagger            |     4 |     6 |     3 ||    13
         Punch             |     2 |       |     1 ||     3
  Evoke: Wand              |       |     3 |       ||     3
    Use: Potion            |       |       |     1 ||     1
   Stab: Distracted        |       |       |     1 ||     1
 Armour: Leather armour    |    40 |       |       ||    40
         Ring mail         |    35 |   108 |    33 ||   176
  Dodge: Dodged            |    61 |    85 |    25 ||   171

Levels and vault maps discovered:
D:1:      minmay_arrival_arboretum_small, layout_rooms
D:2:      layout_loops_ring, serial_shops, shop, kennysheep_big_empty_room
D:3:      layout_loops_ring, trog_butcher_becter, ebering_ghost_inner_flame
D:4:      layout_cave_pods, serial_shops, shop, guppyfry_shop_venom,
          uniq_grinder, uniq_ijyb
D:5:      layout_gridville, cheibriados_altar_1, minmay_temple_entry_nine_rooms,
          nicolae_nh_ransacked_shop

Notes
Turn   | Place    | Note
-------+----------+-------------------------------------------
     0 | D:1      | Jackthecabe the Formicid Reaver began the quest for the
                  | Orb.
     0 | D:1      | Reached XP level 1. HP: 16/16 MP: 3/3
    72 | D:1      | Reached XP level 2. HP: 16/22 MP: 5/5
   425 | D:1      | Reached skill level 4 in Polearms
   425 | D:1      | Reached XP level 3. HP: 25/27 MP: 6/6
   996 | D:2      | Found Gyschiuc's Armour Shoppe.
  1004 | D:2      | Reached skill level 3 in Fighting
  1574 | D:3      | Reached XP level 4. HP: 35/35 MP: 7/7
  1714 | D:3      | Found a runed translucent door.
  1738 | D:3      | Found a bloodstained altar of Trog.
  2185 | D:3      | Noticed gurdl9716's ghost (amateur GrFE)
  2185 | D:3      | Noticed a scorpion
  2203 | D:4      | Noticed Grinder
  2215 | D:3      | Reached skill level 4 in Fighting
  2333 | D:4      | Noticed Ijyb
  2388 | D:3      | Reached skill level 2 in Stealth
  2388 | D:3      | Reached XP level 5. HP: 19/42 MP: 8/8
  2532 | D:4      | Reached skill level 3 in Stealth
  2674 | D:4      | Reached skill level 4 in Stealth
  2674 | D:4      | Reached skill level 1 in Armour
  2674 | D:4      | Reached XP level 6. HP: 35/48 MP: 9/9
  2755 | D:4      | Reached skill level 2 in Armour
  2862 | D:4      | Killed Ijyb
  2973 | D:4      | Reached skill level 3 in Armour
  3144 | D:4      | Noticed a wyvern
  3157 | D:4      | Killed a wyvern
  3157 | D:4      | HP: 2/48 [shot self (4)]
  3158 | D:4      | Reached skill level 4 in Armour
  3158 | D:4      | Reached XP level 7. HP: 2/55 MP: 10/10
  3368 | D:4      | Reached skill level 5 in Fighting
  3416 | D:5      | Entered Level 5 of the Dungeon
  3687 | D:5      | HP: 2/57 [poisoned by a scorpion]
  3688 | D:5      | Succumbed to a scorpion's poison

Vanquished Creatures
  A wyvern (D:4)
  A black bear (D:5)
  A scorpion (D:4)
  A hound (D:3)
  Ijyb (D:4)
  A sleepcap (D:4)
  An iguana (D:4)
  6 adders
  A shadow imp (D:3)
  2 worms
  2 dart slugs
  2 orcs (D:3)
  5 bats
  5 endoplasms
  5 giant cockroaches
  9 goblins
  4 hobgoblins
  9 kobolds
  4 quokkas
  7 ball pythons
  3 frilled lizards
  8 rats
79 creatures vanquished.

Table legend: (Time is in decaauts)
 A = Elapsed time spent in this place.
 B = Non-inter-level travel time spent in this place.
 C = Inter-level travel time spent in this place.
 D = Time resting spent in this place.
 E = Time spent auto-exploring this place.
 F = Levels seen in this place.
 G = Mean time per level.
                   A        B        C        D        E       F      G
               +--------+--------+--------+--------+--------+-----+--------+
         Total |   3646 |   3482 |    164 |    354 |   2336 |   5 |  729.2 |
       Dungeon |   3646 |   3482 |    164 |    354 |   2336 |   5 |  729.2 |
               +--------+--------+--------+--------+--------+-----+--------+

Top non-repeatable levels by time:
     D:3: 1112 daAuts
     D:2: 872 daAuts
     D:4: 808 daAuts
     D:1: 585 daAuts
     D:5: 267 daAuts

Table legend:
 A = Non-vault XP
 B = Vault XP
 C = Vault XP percentage of total XP
 D = Non-vault monster count
 E = Vault monster count
 F = Vault count percentage of total count
                 A         B        C        D         E       F
            +---------+---------+-------+---------+---------+-------
      Total |     745 |      43 |   5.5 |      74 |       5 |   6.3
            +---------+---------+-------+---------+---------+-------
        D:1 |      34 |       0 |   0.0 |      20 |       0 |   0.0
        D:2 |      29 |       0 |   0.0 |      16 |       0 |   0.0
        D:3 |      94 |       7 |   6.9 |      18 |       4 |  18.2
        D:4 |     437 |      36 |   7.6 |      17 |       1 |   5.6
        D:5 |     151 |       0 |   0.0 |       3 |       0 |   0.0
            +---------+---------+-------+---------+---------+-------
